 Dungeon Crawl Stone Soup version 0.28-a0-1415-g7c84da036a (webtiles) character file.

Game seed: 5102984894992190308

228 lonewolfV2 the Chopper (level 5, -4/42 HPs)
             Began as a Demonspawn Berserker on Jan 7, 2022.
             Was a Believer of Trog.
             Slain by Duvessa (10 damage)
             ... on level 4 of the Dungeon.
             The game lasted 00:05:40 (3745 turns).

lonewolfV2 the Chopper (Demonspawn Berserker)       Turns: 3745, Time: 00:05:42

Health: -4/42      AC:  8    Str: 19    XL:     5   Next: 71%
Magic:  0/5        EV: 12    Int:  8    God:    Trog [**....]
Gold:   115        SH:  0    Dex: 13    Spells: 4/4 levels left

rFire   + + .      SeeInvis .   d - +3 broad axe (vamp)
rCold   + . .      Faith    .   (no shield)
rNeg    . . .      Spirit   +   g - +0 ring mail {rF+}
rPois   .          Reflect  .   (no helmet)
rElec   .          Harm     .   (no cloak)
rCorr   .          Rampage  .   m - +2 pair of gloves of Crawling {rF+ rC+ Stlth+}
Will    .....                   (no boots)
Stlth   ++........              (no amulet)
HPRegen 0.14/turn               (no ring)
MPRegen 0.18/turn               (no ring)

@: no status effects
A: ignite blood 1, magic shield, magic regeneration, sturdy frame 1
a: Renounce Religion, Berserk, Trog's Hand


You were on level 4 of the Dungeon.
You worshipped Trog.
Trog was pleased with you.
You visited 1 branch of the dungeon, and saw 4 of its levels.

You collected 115 gold pieces.

Inventory:

Hand Weapons
 a - a +0 hand axe
 d - a +3 vampiric broad axe (weapon)
 i - a +1 dagger of venom
Armour
 b - a +0 animal skin
 g - a +0 ring mail of fire resistance (worn)
 m - the +2 pair of gloves of Crawling (worn) {rF+ rC+ Stlth+}
   (You found it on level 4 of the Dungeon)

   rF:        It protects you from fire.
   rC:        It protects you from cold.
   Stlth:     It makes you more stealthy.
Wands
 n - a wand of iceblast (4)
Scrolls
 h - a scroll of fog {unknown}
 l - a scroll of identify
Potions
 c - 5 potions of heal wounds
 e - a potion of attraction
 f - a potion of curing
 j - a potion of brilliance {unknown}
 k - a potion of haste {unknown}


   Skills:
 + Level 4.0 Fighting
 + Level 0.4 Short Blades
 + Level 4.2 Axes
 + Level 2.5 Armour
 + Level 2.5 Dodging
 + Level 1.3 Stealth


You had 4 spell levels left.
You didn't know any spells.
Your spell library was empty.

Dungeon Overview and Level Annotations

Branches:
Dungeon (4/15)
 Temple: D:4-7

Altars:

Annotations:
D:4 Duvessa


Innate Abilities, Weirdness & Mutations

Your demonic aura sometimes causes spilled blood to erupt in flames.
When hurt, damage is shared between your health and your magic reserves.
You regenerate magic rapidly.
Your movements are slightly less encumbered by armour. (ER -2)


Message History

Duvessa is nearby!
Dowan, Brother of Duvessa comes into view.
He is wielding a +0 dagger.
Found a stone staircase leading down.
Duvessa shouts!
Dowan shouts!
Dowan points at you and mumbles some strange words.
The puff of frost hits you. You resist.
Duvessa hits you with a +5 short sword of speed.
Duvessa hits you but does no damage.
You hit Duvessa.
You feel better.
Duvessa is lightly wounded.
Duvessa barely misses you.
You slash Dowan!
Dowan is severely wounded.
You closely miss Duvessa.
Duvessa is engulfed in blazing flames.
Duvessa hits you with a +5 short sword of speed.
Duvessa is engulfed in blazing flames.
Duvessa hits you with a +5 short sword of speed.
Dowan barely misses you.
You slash Dowan!
You feel better.
You kill Dowan!
Trog accepts your kill.
Trog appreciates your killing of a magic user.
Duvessa weeps, and shakes her weapon.
Duvessa goes berserk!
You barely miss Duvessa.
Duvessa is engulfed in blazing flames.
Duvessa completely misses you.
Duvessa is engulfed in blazing flames.
Duvessa hits you with a +5 short sword of speed!
Duvessa is engulfed in blazing flames.
Duvessa hits you with a +5 short sword of speed!
Your Fighting skill increases to level 4!
Your Axes skill increases to level 4!
You hit Duvessa but do no damage.
Duvessa is moderately wounded.
Duvessa is engulfed in blazing flames.
Duvessa hits you with a +5 short sword of speed!
* * * LOW HITPOINT WARNING * * *
Duvessa is engulfed in blazing flames.
Duvessa hits you with a +5 short sword of speed!
You die...

##...#.###............+
#....#.....#.#.#......#
#....#####..........###
#....+ #.#.#.#......#
#....#
........†+###.#######
#.#+##
#####:.....)........#
#. #...............# #.
#.#............#### ..
#.....@e........# #
#..#.#)#.#....#.#
#......°....#.#...
#..#.#.#.#..### ..#
#..........## .#
..>.#.#.#.#.#
.............#
.....#.#.#.#.#


You could see Duvessa (berserk).

Vanquished Creatures
  Dowan (D:4)
  Natasha (thrice) (D:2)
  3 gnolls (D:3)
  An adder (D:3)
  An adder skeleton (D:4)
  A worm (D:2)
  2 orcs
  3 ball pythons
  8 bats
  6 endoplasms
  5 giant cockroaches
  6 goblins
  6 hobgoblins
  4 kobolds
  A quokka (D:2)
  5 frilled lizards
  8 rats
64 creatures vanquished.

Notes
Turn   | Place    | Note
-------+----------+-------------------------------------------
     0 | D:1      | lonewolfV2 the Demonspawn Berserker began the quest for the
                  | Orb.
     0 | D:1      | Reached XP level 1. HP: 18/18 MP: 1/1
   588 | D:1      | Gained mutation: Your movements are slightly less
                  | encumbered by armour. (ER -2) [demonic ancestry]
   588 | D:1      | Reached XP level 2. HP: 24/24 MP: 2/2
  1400 | D:2      | Noticed Natasha
  1412 | D:2      | Killed Natasha
  1413 | D:2      | Gained mutation: Your demonic aura sometimes causes spilled
                  | blood to erupt in flames. [demonic ancestry]
  1413 | D:2      | Reached XP level 3. HP: 9/29 MP: 3/3
  1671 | D:2      | Noticed Natasha
  1679 | D:2      | Killed Natasha
  1680 | D:2      | Reached skill level 1 in Stealth
  1680 | D:2      | Gained mutation: You regenerate magic rapidly. [demonic
                  | ancestry]
  1680 | D:2      | Reached XP level 4. HP: 34/36 MP: 4/4
  1707 | D:2      | Found a faded altar of an unknown god.
  1921 | D:2      | Identified a scroll of acquirement
  1921 | D:2      | Acquired a +2 vampiric broad axe
  2337 | D:2      | Reached ** piety under Trog
  2342 | D:2      | Noticed Natasha
  2346 | D:2      | Killed Natasha
  2890 | D:3      | Gained mutation: When hurt, damage is shared between your
                  | health and your magic reserves. [demonic ancestry]
  2890 | D:3      | Reached XP level 5. HP: 34/42 MP: 5/5
  3715 | D:4      | Identified the +2 pair of gloves of Crawling {rF+ rC+
                  | Stlth+}
  3733 | D:4      | Noticed Duvessa
  3736 | D:4      | Noticed Dowan
  3744 | D:4      | Killed Dowan
  3745 | D:4      | Slain by Duvessa

Illustrated notes

Levels and vault maps discovered:
D:1:      minmay_arrival_loop, layout_loops_ring, nrook_loot_triangle
D:2:      layout_loops_cross, chequers_ecumenical_altar_simple_redux,
          chequers_serial_rivers_room_a, st_stairs_6, uniq_natasha
D:3:      layout_loops_corners
D:4:      layout_basic, serial_glass, glass_columns_b, glass_columns_a,
          glass_columns_a, glass_columns_b, glass_columns_b, glass_columns_b,
          glass_columns_a, glass_columns_b, glass_columns_c, glass_columns_a,
          glass_columns_a, glass_columns_a, glass_columns_b, glass_columns_a,
          nrook_campfire, uniq_duvessa

Skill      XL: |  1  2  3  4  5 |
---------------+----------------+-----
Axes           | 3 4 |  4.2
Dodging        | 2 |  2.5
Armour         | 2 |  2.5
Stealth        | 1 |  1.3
Fighting       | 4 |  4.0
Short Blades   | |  0.4

Action                   |  1- 3 |  4- 6 || total
-------------------------+-------+-------++-------
Melee: Hand axe          |    78 |       ||    78
       Dagger            |    31 |     7 ||    38
       Punch             |     1 |     3 ||     4
       Broad axe         |       |    80 ||    80
  Use: Scroll            |       |     9 ||     9
 Stab: Sleeping          |     2 |     2 ||     4
Armor: Animal skin       |    28 |       ||    28
       Ring mail         |     9 |    35 ||    44
Dodge: Dodged            |    91 |    60 ||   151

Table legend: (Time is in decaauts)
 A = Elapsed time spent in this place.
 B = Non-inter-level travel time spent in this place.
 C = Inter-level travel time spent in this place.
 D = Time resting spent in this place.
 E = Time spent auto-exploring this place.
 F = Levels seen in this place.
 G = Mean time per level.
                   A        B        C        D        E       F      G
               +--------+--------+--------+--------+--------+-----+--------+
         Total |   3797 |   3724 |     73 |    431 |   2549 |   4 |  949.2 |
       Dungeon |   3797 |   3724 |     73 |    431 |   2549 |   4 |  949.2 |
               +--------+--------+--------+--------+--------+-----+--------+

Top non-repeatable levels by time:
     D:1: 1411 daAuts
     D:3: 1196 daAuts
     D:2: 1085 daAuts
     D:4: 103 daAuts
